 Dungeon Crawl Stone Soup version 0.29.1-15-g9cfb28693d (webtiles) character file.

Game seed: 12855084133782113746

58 leafyfresh the Sneak (level 4, 0/33 HPs)
             Began as an Octopode Delver on Mar 4, 2023.
             Succumbed to a scorpion's poison
             ... on level 5 of the Dungeon.
             The game lasted 00:00:15 (60 turns).

leafyfresh the Sneak (Octopode Delver)                Turns: 60, Time: 00:00:16

Health: 0/33       AC:  1    Str: 11    XL:     4   Next: 1%
Magic:  4/4        EV: 13    Int: 14    God:
Gold:   10         SH:  0    Dex: 13    Spells: 3/3 levels left

rFire   . . .      SeeInvis .   a - +0 short sword
rCold   . . .      Faith    .   (no shield)
rNeg    . . .      Spirit   .   (helmet restricted)
rPois   .          Reflect  .   (no amulet)
rElec   .          Harm     .   (no ring)
rCorr   .          Rampage  .   (no ring)
Will    .....                   (no ring)
Stlth   ++++......              (no ring)
HPRegen 0.11/turn               (no ring)
MPRegen 0.09/turn               (no ring)
                                (no ring)
                                (no ring)

@: lethally poisoned (0 -> -4)
A: almost no armour, amphibious, 8 rings, camouflage 1, gelatinous body 1,
(nimble swimmer 1), tentacles
a: no special abilities


You were on level 5 of the Dungeon.
You visited 1 branch of the dungeon, and saw 1 of its levels.

You collected 10 gold pieces.

Inventory:

Hand Weapons
 a - a +0 short sword (weapon)
Wands
 f - a wand of digging (3)
Scrolls
 b - 2 scrolls of fog
 c - a scroll of magic mapping
 d - a scroll of fear
Potions
 e - a potion of haste


   Skills:
 + Level 3.6 Fighting
 - Level 2.0 Short Blades
 + Level 2.8 Dodging
 + Level 7.3 Stealth


You had 3 spell levels left.
You didn't know any spells.
Your spell library was empty.

Dungeon Overview and Level Annotations

Branches:
Dungeon (5/15)
 Temple: D:4-7

Altars:


Innate Abilities, Weirdness & Mutations

You cannot wear most types of armour.
You are amphibious.
You can wear up to eight rings at the same time.
Your skin changes colour to match your surroundings (Stealth+).
Your rubbery body absorbs attacks. (AC +1, EV +1)
((You are camouflaged when in or above water. (Stealth+)))
You have tentacles for arms and can constrict up to eight enemies at once.


Message History

You constrict the scorpion. The scorpion stings you.
You hit the scorpion. You squeeze the scorpion.
The scorpion is heavily wounded.
You constrict the scorpion, but do no damage.
The scorpion misses you.
An adder comes into view.
The scorpion stings you.
You are lethally poisoned!
The scorpion poisons you!
You hit the scorpion but do no damage.
The scorpion is heavily wounded.
You constrict the scorpion.
* * * LOW HITPOINT WARNING * * *
You feel very sick. The scorpion closely misses you.
You hit the scorpion. You squeeze the scorpion.
You kill the scorpion!
* * * LOW HITPOINT WARNING * * *
You feel sick.
Your Stealth skill increases to level 7!
You have reached level 2!
You have reached level 3!
Your experience leads to an increase in your attributes!
Increase (S)trength, (I)ntelligence, or (D)exterity?
You feel clever. x2
You have reached level 4!
Unknown command.
You closely miss the water moccasin. You grab the water moccasin.
You constrict the water moccasin, but do no damage.
* * * LOW HITPOINT WARNING * * *
You feel sick. The water moccasin closely misses you.
The water moccasin barely misses you.
You hit the water moccasin but do no damage.
You constrict the water moccasin.
* * * LOW HITPOINT WARNING * * *
You feel sick. The water moccasin misses you.
You hit the water moccasin. You squeeze the water moccasin!
The water moccasin is heavily wounded.
You constrict the water moccasin.
You die...

...............
......?.......
............#
...........#
..........# .........#
.......So# .......hS##
......###@#
.....###..###### .##..
#....#...# ...
###..####.#
#.##.#...####..#
###........##.##
#........##..#
##...........#########
..............##..#..##


You could see a water moccasin, a black bear, an adder and an orc.

Vanquished Creatures
  A scorpion (D:5)
1 creature vanquished.

Notes
Turn   | Place    | Note
-------+----------+-------------------------------------------
     0 | D:5      | leafyfresh the Octopode Delver began the quest for the Orb.
     0 | D:5      | Reached XP level 1. HP: 16/16 MP: 1/1
    49 | D:5      | Noticed a scorpion
    49 | D:5      | Noticed a black bear
    50 | D:5      | Noticed a water moccasin
    57 | D:5      | Killed a scorpion
    58 | D:5      | Reached skill level 7 in Stealth
    58 | D:5      | Reached XP level 2. HP: 2/22 MP: 2/2
    58 | D:5      | Reached XP level 3. HP: 3/27 MP: 3/3
    58 | D:5      | Reached XP level 4. HP: 3/33 MP: 4/4
    59 | D:5      | HP: 1/33 [poisoned by a scorpion]
    60 | D:5      | Succumbed to a scorpion's poison

Illustrated notes

Levels and vault maps discovered:
D:5:      cheibrodos_iron_armory, layout_cave_pools, marbit_many_paths,
          enter_ossuary_1, gup_sewer_entry_bubbles

Skill      XL: |  1 |
---------------+----+-----
Stealth        | 7 |  7.3
Fighting       | |  3.6
Short Blades   | |  2.0
Dodging        | |  2.8

Action                   |  1- 3 |  4- 6 || total
-------------------------+-------+-------++-------
Melee: Short sword       |     6 |     3 ||     9
       Tentacles         |     2 |     1 ||     3
       Constrict         |     1 |     1 ||     2
Armor: Skin              |     1 |       ||     1
Dodge: Dodged            |     3 |     3 ||     6
